AoeStats
← NuclearRabbit19

Arabia

503560486Analyzed
1v1 RM · 1mo ago on Sep 1, 2026· 53m 54s· 2 players
Game mode
Random Map
Map size
Tiny (2 player)
Population
200
Speed
Normal
Resources
Standard
Victory
Conquest
Starting age
Dark Age
Ending age
Imperial Age
RankedLock teamsTeams togetherTeam positionsShared explorationLock speedFull tech treeHidden civsTurbo modeCheats
Victory
Defeat
🇮🇳 Khmer · India
1322
+15
🇬🇧 Khitans · United Kingdom
1292
-15
NuclearRabbit19
6:04 Loom
8:56 Feudal Age
15:01 Double-Bit Axe
16:51 Domestication
17:53 Gold Mining
21:50 Castle Age
20:04 Forging
19:54 Scale Mail Armor
23:09 Iron Casting
23:07 Fletching
24:59 Bow Saw
25:24 Chain Mail Armor
26:39 Wheelbarrow
26:45 Squires
28:38 Town Watch
30:33 Stone Mining
36:15 Imperial Age
34:00 Hand Cart
34:50 Bodkin Arrow
36:08 Light Cavalry
36:49 Husbandry
36:54 Pastoralism
37:02 Scale Barding Armor
37:23 Ballistics
36:51 Heavy Rocket Cart
38:26 Conscription
38:48 Bracer
39:13 Chain Barding Armor
40:18 Stone Shaft Mining
40:43 Hussar
48:08 Plate Barding Armor
48:37 Chemistry
47:41 Murder Holes
saksham
6:08 Loom
9:03 Feudal Age
9:32 Double-Bit Axe
13:08 Town Watch
13:30 Horse Collar
15:18 Forging
20:49 Castle Age
19:01 Fletching
19:51 Scale Barding Armor
20:14 Bloodlines
20:09 Scale Mail Armor
22:18 Wheelbarrow
21:55 Bow Saw
21:54 Pikeman
23:15 Chain Mail Armor
26:19 Bodkin Arrow
28:45 Husbandry
31:44 Ballistics
36:28 Imperial Age
35:08 Iron Casting
34:54 Chain Barding Armor
35:35 Hand Cart
35:21 Heavy Plow
36:40 Town Patrol
36:03 Light Cavalry
37:41 Double Crossbow
38:05 Conscription
37:59 Siege Engineers
39:59 Chemistry
40:07 Plate Barding Armor
40:00 Gold Mining
40:37 Elite Ballista Elephant
45:32 Hussar
51:01 Blast Furnace
50:01 Bracer
50:13 Halberdier
Connection lost

Rejoining the realm…

Still unreachable

The connection could not be restored.

Session expired

The server has moved on; the page needs a fresh start.